 Dungeon Crawl Stone Soup version 0.18.1-48-g4cf74bf (webtiles) character file.

100 Heedrag the Conjurer (level 4, -2/24 HPs)
             Began as a Deep Elf Conjurer on Aug 6, 2016.
             Slain by an iguana (6 damage)
             ... on level 3 of the Dungeon.
             The game lasted 00:05:01 (1894 turns).

Heedrag the Conjurer (Deep Elf Conjurer)            Turns: 1894, Time: 00:05:03

Health: -2/24      AC:  3    Str:  6    XL:     4   Next: 46%
Magic:  1/12       EV: 13    Int: 20    God:
Gold:   130        SH:  0    Dex: 15    Spells: 2 memorised, 8 levels left

rFire  . . .     SeeInvis .     C - +0 spear
rCold  . . .     Gourm    .     a - +0 robe
rNeg   . . .     Faith    .     (no shield)
rPois  .         Spirit   .     (no helmet)
rElec  .         Dismiss  .     (no cloak)
rCorr  .         Reflect  .     (no gloves)
SustAt .         Harm     .     t - +0 pair of boots
MR     .....     Rnd*Tele +     s - amulet of magic regeneration
Stlth  ++........               (no ring)
                                p - ring of teleportation (curse)

@: not resistant to hostile enchantments, unstealthy
A: no striking features
a: no special abilities


You were on level 3 of the Dungeon.
You were not hungry.

You visited 1 branch of the dungeon, and saw 3 of its levels.

You collected 130 gold pieces.

Inventory:

Hand Weapons
 C - a +0 spear (weapon)
Armour
 a - a +0 robe (worn)
 q - a +0 shadow dragon armour
 t - a +0 pair of boots (worn)
Jewellery
 p - a cursed ring of teleportation (left hand)
 s - an amulet of magic regeneration (around neck)
Wands
 y - a wand of digging (3/24)
Scrolls
 d - a scroll of fear {unknown}
 e - 2 scrolls of enchant weapon {unknown}
 g - 2 scrolls of amnesia {unknown}
 h - 4 scrolls of recharging {unknown}
 l - a scroll of immolation {unknown}
 m - 3 scrolls of teleportation {unknown}
 n - 2 scrolls of identify {unknown}
 o - 4 scrolls of remove curse {unknown}
 u - a scroll of random uselessness {unknown}
 v - a scroll of blinking {unknown}
Potions
 f - a potion of flight {unknown}
 j - a potion of resistance {unknown}
 k - a potion of berserk rage {unknown}
 r - a potion of curing {unknown}
 w - a potion of agility {unknown}
 z - a potion of invisibility {unknown}
 A - 2 potions of might {unknown}
Books
 b - a book of Conjurations

   Spells                             Type                      Level
   a - Magic Dart                     Conjuration                  1
   b - Searing Ray                    Conjuration                  2
   c - Dazzling Spray                 Conjuration/Hexes            3
   d - Fulminant Prism                Conjuration/Hexes            4
   e - Iskenderun's Mystic Blast      Conjuration                  4
   f - Iskenderun's Battlesphere      Conjuration/Charms           5
Comestibles
 c - 5 bread rations
 i - 5 meat rations
 x - 2 fruits
 B - a chunk of flesh


   Skills:
 - Level 2.4 Dodging
 - Level 2.4 Stealth
 + Level 4.5 Spellcasting
 * Level 5.8 Conjurations


You had 8 spell levels left.
You knew the following spells:

 Your Spells              Type           Power        Failure   Level  Hunger
a - Magic Dart            Conj           ####         1%          1    None
b - Dazzling Spray        Conj/Hex       ###...       12%         3    ##.....


Dungeon Overview and Level Annotations

Branches:
Dungeon (3/15)

Altars:
Fedhas
Gozag
Nemelex Xobeh
Okawaru
Ru
Zin

Shops:
D:3 *


Message History

Tha spray o' energy misses tha iguana.
Tha iguana bites ye!
Ouch! Tha re'lly hurt!
* * * LOW HITPOINT WARNIN'
* * * Castin': Dazzlin' Spray Confirm wit' . or Enter, or press ? or * ta list all spells.
Aimin': Magic Dart
Press: ? - help, Shift-Dir - straight line, f/p - iguana
Aim: an iguana (heavily wounded, blind) Tha magic dart hits tha iguana.
Tha iguana be severely wounded.
Tha iguana bites ye but does nay damage.
Castin': Magic Dart Confirm wit' . or Enter, or press ? or * ta list all spells.
Aimin': Magic Dart
Press: ? - help, Shift-Dir - straight line, f/p - iguana
Aim: an iguana (severely wounded, blind) Tha magic dart hits tha iguana.
Tha iguana be severely wounded.
Tha iguana bites ye.
Ye die...

#.### #...# ###.# #.#
##.# ####..# ####..<.##
###..
#....############..!.).
###.#### ##...@l.....$#
#...# ####.........####
##.######.....######.#
..............# ...
...############ ....
#.## ..... ..# .... ###
.... #


You could see an iguana (blind).

Vanquished Creatures
  3 adders
  An ooze (D:2)
  3 worms
  3 dart slugs
  A giant gecko (D:2)
  An orc (D:3)
  3 giant cockroaches
  6 goblins
  4 hobgoblins
  5 jackals
  A quokka (D:2)
  A ball python (D:2)
  7 bats
  2 giant newts
  8 kobolds
  6 rats
55 creatures vanquished.

Notes
Turn   | Place    | Note
--------------------------------------------------------------
     0 | D:1      | Heedrag the Deep Elf Conjurer began the quest for the Orb.
     0 | D:1      | Reached XP level 1. HP: 10/10 MP: 6/6
   286 | D:1      | Reached XP level 2. HP: 11/15 MP: 4/8
   428 | D:1      | Reached skill level 5 in Conjurations
   814 | D:2      | Found a sparkling altar of Nemelex Xobeh.
   835 | D:2      | Reached XP level 3. HP: 7/19 MP: 2/10
   996 | D:2      | Found a blossoming altar of Fedhas.
  1259 | D:2      | Found a sacrificial altar of Ru.
  1287 | D:2      | Learned a level 3 spell: Dazzling Spray
  1318 | D:2      | Found an iron altar of Okawaru.
  1596 | D:2      | Found an opulent altar of Gozag.
  1698 | D:3      | Reached XP level 4. HP: 24/24 MP: 9/12
  1707 | D:3      | Found Zin's Purification Station.
  1729 | D:3      | Found a glowing silver altar of Zin.
  1894 | D:3      | Slain by an iguana

Skill      XL: |  1  2  3 |
---------------+----------+-----
Conjurations   | 5 |  5.8
Spellcasting   | 4 |  4.5
Dodging        | |  2.4
Stealth        | |  2.4

Action                   |  1- 3 |  4- 6 || total
-------------------------+-------+-------++-------
Melee: Unarmed           |    15 |       ||    15
 Cast: Magic Dart        |    89 |    42 ||   131
       Dazzling Spray    |       |     2 ||     2
  Eat: Chunk             |     2 |     1 ||     3
Armor: Robe              |     5 |     5 ||    10
Dodge: Dodged            |    22 |    11 ||    33
